 Dungeon Crawl Stone Soup version 0.31-a0-1009-g454b1f1e0a (webtiles) character file.

Game seed: 10672303685221027061

160 BinkBink the Changeling (level 5, 0/25 HPs)
             Began as a Spriggan Shapeshifter on Nov 14, 2023.
             Slain by Terence
             ... wielding a +0 mace
              (4 damage)
             ... on level 3 of the Dungeon.
             The game lasted 00:09:01 (3160 turns).

BinkBink the Changeling (Spriggan Shapeshifter)     Turns: 3160, Time: 00:09:02

Health: 0/25       AC:  2    Str: 10    XL:     5   Next: 17%
Magic:  6/6        EV: 19    Int: 12    God:
Gold:   189        SH:  0    Dex: 16    Spells: 4/4 levels left

rFire   . .          .
                       - Unarmed
rCold   . . .        (no shield)
rNeg    . . .        a - +0 animal skin
rPois   .            (helmet currently unavailable)
rElec   .            (cloak currently unavailable)
rCorr   .            (gloves unavailable)
SInv    +            (boots unavailable)
Will    +....        (no amulet)
Stlth   ++           t - ring of willpower
HPRegen 0.24/turn    (no ring)
MPRegen 0.10/turn

%: no passive effects
@: beast-form, very quick
A: beast (slay +2), very small, no large weapons, unfitting armour, see
invisible, speed 3
a: Begin Untransformation


You were on level 3 of the Dungeon.
You were a hulking beast.
You visited 1 branch of the dungeon, and saw 6 of its levels.

You collected 189 gold pieces.

Inventory:

Missiles
 w - 3 curare-tipped darts
Armour
 a - a +0 animal skin (worn)
Jewellery
 n - a +6 ring of intelligence
 t - a ring of willpower (left hand)
 v - a ring of magical power
Talismans
 c - a beast talisman (active)
 d - a flux talisman
Scrolls
 e - 2 scrolls of teleportation {unknown}
 f - a scroll of noise {unknown}
 g - a scroll of fear {unknown}
 h - 6 scrolls of identify {unknown}
 i - 2 scrolls of amnesia {unknown}
 k - a scroll of revelation {unknown}
 o - 2 scrolls of silence {unknown}
 p - 2 scrolls of vulnerability {unknown}
 u - a scroll of fog {unknown}
Potions
 b - 2 potions of lignification
 j - 2 potions of attraction {unknown}
 l - 2 potions of mutation {unknown}
 m - a potion of enlightenment {unknown}
 q - a potion of curing {unknown}
 r - 2 potions of haste {unknown}
 s - a potion of magic {unknown}
 x - a potion of ambrosia {unknown}


   Skills:
 + Level 1.6 Fighting
 * Level 4.7 Dodging
 + Level 3.0 Stealth
 + Level 2.9 Unarmed Combat
 + Level 4.7 Shapeshifting


You had 4 spell levels left.
You didn't know any spells.
Your spell library contained the following spells:

 Spells                   Type           Power      Damage    Failure   Level
 Apportation              Tloc           0%         N/A       32%         1
 Freeze                   Ice            0%         1d3       32%         1
 Necrotise                Necr           0%         1d4       32%         1
 Summon Small Mammal      Summ           0%         N/A       32%         1
 Frozen Ramparts          Ice            0%         1d1       69%         3
 Hailstorm                Conj/Ice       0%         3d3       69%         3
 Animate Dead             Necr           0%         N/A       97%         4
 Haunt                    Necr/Summ      0%         N/A       100%        7
 Infestation              Necr           0%         N/A       100%        8


Dungeon Overview and Level Annotations

Branches:
Dungeon (6/15)
 Temple: D:4-7

Altars:

Shops:
D:2 *

Annotations:
D:3 Terence
D:6 Edmund


Innate Abilities, Weirdness & Mutations

You are a hulking beast.
Your limbs bulge with bestial killing power. (Slay +2)
You are very small and have problems with some larger weapons.
You are too small for most types of armour.
You have supernaturally acute eyesight. (SInv)
You cover ground extremely quickly. (Speed+++)


Message History

Terence is heavily wounded.
Terence barely misses you.
You hit Terence but do no damage.
Terence is heavily wounded.
Terence misses you.
You hit Terence.
Terence is heavily wounded.
Terence hits you with a +0 mace.
You barely miss Terence.
Terence is heavily wounded.
Terence closely misses you.
You hit Terence but do no damage.
Terence is heavily wounded.
Terence closely misses you.
You hit Terence but do no damage.
Terence is heavily wounded.
You barely miss Terence.
Terence is heavily wounded.
Terence misses you.
You hit Terence but do no damage.
Terence is heavily wounded.
Terence misses you.
You hit Terence.
Terence is severely wounded.
Terence misses you.
You hit Terence.
Terence is almost dead.
Terence hits you with a +0 mace.
You hit Terence but do no damage.
Terence is almost dead.
Terence hits you with a +0 mace.
* * * LOW HITPOINT WARNING * * *
You barely miss Terence.
Terence is almost dead.
Terence hits you but does no damage.
You hit Terence but do no damage.
Terence is almost dead.
Terence hits you with a +0 mace.
You die...
Terence says, "Time to find some more victims."

###..'........# #†#
#†##........# #.#
#.##....##### #.#
#.##.......## ###.####
#.##....##..# #.......
#.....).###.### #.#.####
#.......# #...#### #.#.#
#.......####.).†.####+#.####
#.........@h.......(........
##....######......##........
#....# #........>.......
#.....###........ #.....#
#........ #.....# #........
#.....# #........ #######
#........ #########


You could see Terence.

Vanquished Creatures
  An adder (D:2)
  8 gnolls (D:2)
  A worm (D:2)
  A dart slug (D:2)
  5 ball pythons
  4 endoplasms
  6 goblins
  6 hobgoblins
  10 jackals
  8 quokkas
  7 bats
  2 frilled lizards
  3 kobolds
  3 rats
65 creatures vanquished.

Notes
Turn   | Place    | Note
-------+----------+-------------------------------------------
     0 | D:1      | BinkBink the Spriggan Shapeshifter began the quest for the
                  | Orb.
     0 | D:1      | Reached XP level 1. HP: 9/9 MP: 2/2
   404 | D:1      | Reached XP level 2. HP: 9/14 MP: 3/3
   458 | D:1      | Reached skill level 1 in Fighting
   458 | D:1      | Reached skill level 1 in Stealth
  1109 | D:2      | Found Ihodghuu's Assorted Antiques.
  1173 | D:2      | Reached XP level 3. HP: 14/18 MP: 4/4
  1503 | D:2      | Reached XP level 4. HP: 22/22 MP: 5/5
  2614 | D:3      | You fall into a shaft and drop 3 floors!
  2669 | D:6      | Noticed Edmund
  2719 | D:5      | Entered Level 5 of the Dungeon
  2792 | D:3      | Reached XP level 5. HP: 25/25 MP: 6/6
  2945 | D:3      | Identified the +3 leather armour "Redghuaf" {rElec rF-
                  | Dex+2}
  3137 | D:3      | Noticed Terence
  3160 | D:3      | Slain by Terence

Illustrated notes

Levels and vault maps discovered:
D:1:      dpeg_arrival_orchard, layout_basic
D:2:      layout_loops_ring, serial_shops, nicolae_shop_window_shopping
D:3:      layout_basic, kennysheep_generic_room_5, uniq_terence
D:4:      layout_layer_cave, minmay_manual_mares, uniq_grinder
D:5:      layout_rooms, lemuel_temple_firewalk_b
D:6:      layout_rooms, nicolae_kite_square_tiling_tiny,
          minmay_misc_feat_plants, guppyfry_shop_venom, uniq_edmund

Skill      XL: |  1  2  3  4  5 |
---------------+----------------+-----
Dodging        | 3 4 |  4.7
Fighting       | 1 |  1.6
Stealth        | 1 2 3 |  3.0
Unarmed Combat | |  2.9
Shapeshifting  | |  4.7

Action                     |  1- 3 |  4- 6 || total
---------------------------+-------+-------++-------
  Melee: Unarmed           |    80 |   116 ||   196
         Punch             |     2 |     2 ||     4
  Throw: Boomerang         |    18 |    22 ||    40
         Stone             |       |    15 ||    15
   Stab: Sleeping          |     5 |     5 ||    10
 Armour: Animal skin       |    20 |    37 ||    57
  Dodge: Dodged            |    47 |   100 ||   147
   Form: Beast             |     1 |       ||     1

Table legend: (Time is in decaauts)
 A = Elapsed time spent in this place.
 B = Non-inter-level travel time spent in this place.
 C = Inter-level travel time spent in this place.
 D = Time resting spent in this place.
 E = Time spent auto-exploring this place.
 F = Levels seen in this place.
 G = Mean time per level.
                   A        B        C        D        E       F      G
               +--------+--------+--------+--------+--------+-----+--------+
         Total |   2205 |   2150 |     55 |    363 |   1007 |   6 |  367.5 |
       Dungeon |   2205 |   2150 |     55 |    363 |   1007 |   6 |  367.5 |
               +--------+--------+--------+--------+--------+-----+--------+

Top non-repeatable levels by time:
     D:2: 1109 daAuts
     D:1: 713 daAuts
     D:3: 286 daAuts
     D:6: 64 daAuts
     D:5: 26 daAuts
     D:4: 4 daAuts
